[Event "January 9 Early 2024"]
[Site "https://www.chess.com"]
[Date "2024.01.11"]
[Round "10"]
[White "Rajdeep Sarkar"]
[Black "Tharushi, T H D Niklesha"]
[Result "0-1"]
[Board "178"]
[TimeControl "180+1"]
[WhiteFideId "25007963"]
[BlackFideId "9918264"]
[WhiteElo "2380"]
[BlackElo "2278"]
[WhiteTeam "IND"]
[BlackTeam "SRI"]
[WhiteClock "0:00:04"]
[BlackClock "0:00:11"]

1. Nf3 Nf6 2. c4 e6 3. d4 d5 4. Nc3 Bb4 5. Bg5 h6 6. Bh4 g5 7. Bg3 Ne4 8. Rc1 h5 9. h4 Nxg3 10. fxg3 Bd6 11. Kf2 g4 12. c5 Be7 13. Nd2 e5 14. e3 e4 15. Ne2 c6 16. Nf4 Nd7 17. b4 a6 18. a4 Nf8 19. Be2 Ne6 20. Nf1 Ng7 21. Nd2 Nf5 22. Re1 Bxh4 23. Nf1 Bg5 24. b5 axb5 25. axb5 Ra3 26. Ra1 Rxa1 27. Qxa1 h4 28. Rb1 hxg3+ 29. Ke1 Rh1 30. Kd2 Bxf4 31. exf4 Qc7 32. Kc2 Qxf4 33. Qc3 Rxf1 34. Bxf1 Ne3+ 35. Kb3 Nxf1 36. bxc6 bxc6 37. Re1 Nd2+ 38. Kb4 Nc4 39. Ra1 Qd2 40. Qxd2 Nxd2 41. Kc3 Nc4 42. Ra7 Bd7 43. Kc2 Ne3+ 44. Kd2 Nxg2 45. Ke2 Nf4+ 46. Ke3 Nd3 47. Ke2 f5 48. Ra2 f4 49. Ra1 f3+ 50. Ke3 g2 51. Rg1 g3 52. Rc1 Nxc1 0-1

[Event "January 9 Early 2024"]
[Site "https://www.chess.com"]
[Date "2024.01.11"]
[Round "10"]
[White "Ladan, Nicholas"]
[Black "Luukkonen, Tommi"]
[Result "0-1"]
[Board "179"]
[TimeControl "180+1"]
[WhiteFideId "30918855"]
[BlackFideId "501808"]
[WhiteElo "2468"]
[BlackElo "2348"]
[WhiteTeam "USA"]
[BlackTeam "FIN"]
[WhiteClock "0:00:04"]
[BlackClock "0:00:09"]

1. Nf3 d5 2. g3 Nd7 3. d4 Nb6 4. Bg2 Bf5 5. O-O e6 6. b3 c6 7. Bb2 Be7 8. Nbd2 h6 9. c4 Nf6 10. Ne5 O-O 11. Re1 a5 12. e4 dxe4 13. Nxe4 Nxe4 14. Bxe4 Bxe4 15. Rxe4 a4 16. Rb1 axb3 17. axb3 Ra2 18. Qh5 Nd7 19. Nxd7 Qxd7 20. Rg4 Bf6 21. Qxh6 Qe7 22. h4 Rd8 23. Qf4 c5 24. h5 Rxb2 25. Rxb2 Rxd4 26. Qb8+ Rd8 27. Qxd8+ Qxd8 28. Rb1 Qd3 29. Re1 Kh7 30. Kg2 Qxb3 31. h6 gxh6 32. Rf4 Kg7 33. Re3 Qb2 34. Ref3 b6 35. Kg1 Qb1+ 36. Kg2 Qg6 37. Kh3 Bd4 38. g4 f6 39. Kh4 Be5 40. Rf5 exf5 41. Rxf5 h5 42. Rxh5 Qe4 43. f3 Qxf3 44. g5 Qh1+ 45. Kg4 f5+ 46. Kxf5 Qxh5 47. Ke6 Qxg5 48. Kd5 Qf4 49. Kc6 Qxc4 50. Kd7 b5 51. Ke7 b4 52. Ke8 b3 53. Ke7 b2 54. Kd7 b1=Q 55. Kc8 Qe6+ 56. Kd8 Qb8# 0-1

[Event "January 9 Early 2024"]
[Site "https://www.chess.com"]
[Date "2024.01.11"]
[Round "10"]
[White "Sakun, Volodymyr"]
[Black "Perossa, Nicolas"]
[Result "0-1"]
[Board "180"]
[TimeControl "180+1"]
[WhiteFideId "14114062"]
[BlackFideId "2850520"]
[WhiteElo "2609"]
[BlackElo "2480"]
[WhiteTeam "UKR"]
[BlackTeam "ITA"]
[WhiteClock "0:00:02"]
[BlackClock "0:00:07"]

1. e4 d6 2. d4 Nf6 3. Nc3 e5 4. Nf3 exd4 5. Nxd4 Be7 6. Bf4 O-O 7. Qd2 c6 8. O-O-O b5 9. f3 Qa5 10. Nb3 Qb6 11. Bxd6 Rd8 12. e5 Bxd6 13. exd6 Be6 14. Qd4 Nbd7 15. Qxb6 axb6 16. a3 Nc5 17. Nd4 Rxd6 18. Nxe6 Rxd1+ 19. Nxd1 Nxe6 20. Bd3 Nf4 21. Bf1 N6d5 22. g3 Ne6 23. c3 Re8 24. Bd3 Nc5 25. Kc2 g6 26. f4 Kg7 27. Rf1 h5 28. f5 Ne3+ 29. Nxe3 Rxe3 30. fxg6 Rxd3 31. Rxf7+ Kxg6 32. Rc7 Rd6 33. b3 Ne4 34. a4 bxa4 35. bxa4 Nc5 36. Ra7 h4 37. gxh4 Kh5 38. a5 bxa5 39. Rxa5 Rd5 40. c4 Re5 41. Ra8 Kxh4 42. Rc8 Re6 43. Kc3 Ne4+ 44. Kd4 Ng5 45. Kc5 Ne4+ 46. Kb6 c5+ 47. Ka5 Kg4 48. Rc7 Kf4 49. Rd7 Ke3 50. Ka4 Re8 51. Kb5 Rb8+ 52. Kc6 Rb4 53. Kd5 Rb3 54. Re7 Rd3+ 55. Kc6 Rd4 56. Kb5 Kd3 57. h4 Nc3+ 58. Kc6 Rxh4 59. Kxc5 Rxc4+ 60. Kb6 Nd5+ 61. Kb5 Nxe7 0-1

[Event "January 9 Early 2024"]
[Site "https://www.chess.com"]
[Date "2024.01.11"]
[Round "10"]
[White "Lu, Shanglei"]
[Black "Terry, Renato"]
[Result "0-1"]
[Board "181"]
[TimeControl "180+1"]
[WhiteFideId "8603332"]
[BlackFideId "3803457"]
[WhiteElo "3012"]
[BlackElo "3010"]
[WhiteTeam "CHN"]
[BlackTeam "PER"]
[WhiteClock "0:00:06"]
[BlackClock "0:00:07"]

1. e4 e6 2. d4 d5 3. e5 c5 4. c3 Qb6 5. Nf3 Bd7 6. Be2 cxd4 7. cxd4 Bb5 8. Nc3 Bxe2 9. Nxe2 Bb4+ 10. Bd2 Bxd2+ 11. Qxd2 Nc6 12. O-O Nge7 13. Ng3 O-O 14. a3 Na5 15. Qg5 Ng6 16. b4 Nc6 17. Rfd1 a5 18. bxa5 Rxa5 19. h4 h6 20. Qg4 Ra4 21. Nh5 Nce7 22. Nxg7 Kxg7 23. h5 Nf5 24. Rab1 Qc7 25. Rd3 Rc4 26. Rdb3 Rc1+ 27. Kh2 Rxb1 28. Rxb1 b6 29. hxg6 fxg6 30. Kg1 g5 31. g3 Rf7 32. Qh5 Ne7 33. Nh2 Qc2 34. Rf1 Qg6 35. Qxg6+ Kxg6 36. Rb1 Nf5 37. Nf3 g4 38. Nh4+ Nxh4 39. gxh4 Rb7 40. Kg2 Kf5 41. Kg3 h5 42. f3 gxf3 43. Kxf3 Ra7 44. Rb3 Ra4 45. Ke3 Kg4 46. Kd3 Ra6 47. Ke3 Ra8 48. Kd3 Ra7 49. Ke3 Ra6 50. Kd3 Kxh4 51. a4 Kg4 52. Rb4 h4 53. Ke3 h3 54. Rb1 Rxa4 55. Rg1+ Kh4 56. Rg6 h2 57. Rh6+ Kg3 58. Rg6+ Kh3 59. Rh6+ Kg2 60. Rg6+ Kf1 61. Rh6 Ra2 62. Kf4 Kg1 0-1

[Event "January 9 Early 2024"]
[Site "https://www.chess.com"]
[Date "2024.01.11"]
[Round "10"]
[White "Kekic, Armin"]
[Black "Petersson, Kjell"]
[Result "1-0"]
[Board "182"]
[TimeControl "180+1"]
[WhiteFideId "14401274"]
[BlackFideId "1705148"]
[WhiteElo "2333"]
[BlackElo "2140"]
[WhiteTeam "BIH"]
[BlackTeam "SWE"]
[WhiteClock "0:00:13"]
[BlackClock "0:00:12"]

1. e4 c5 2. Nf3 d6 3. d4 cxd4 4. Nxd4 Nf6 5. Nc3 g6 6. Be3 Bg7 7. f3 O-O 8. Qd2 Nc6 9. O-O-O d5 10. exd5 Nxd5 11. Nxc6 bxc6 12. Bd4 Bxd4 13. Qxd4 Qb6 14. Nxd5 cxd5 15. Qxb6 axb6 16. a3 e6 17. f4 Ba6 18. Rd4 Rfc8 19. Rb4 Rc6 20. Bxa6 Rxa6 21. h4 h5 22. Rh3 Kg7 23. Kd2 Kf6 24. Re3 Ke7 25. Rc3 Kd6 26. Rcb3 Kc7 27. Kd3 Ra5 28. c4 dxc4+ 29. Rxc4 Rd5+ 30. Rd4 Rcd6 31. Rxd5 Rxd5+ 32. Ke4 Kc6 33. g3 b5 34. Rc3+ Kb6 35. b3 Rd1 36. Ke5 Rd5+ 37. Kf6 Rf5+ 38. Kg7 Ka5 39. Rc7 b4 40. axb4+ Kxb4 41. Rxf7 Rd5 42. Rf6 e5 43. fxe5 Rxe5 44. Rxg6 Kxb3 45. Kh6 Kc4 46. Rg5 Re3 47. Kxh5 Kd4 48. Kg6 Re6+ 49. Kf7 Rh6 50. h5 Ke4 51. g4 Kf4 52. Rg6 Rh8 53. Kg7 Rd8 54. h6 Rd7+ 55. Kh8 Rd8+ 56. Kh7 Rd7+ 57. Rg7 Rd6 58. g5 Kf5 59. Kg8 Rd8+ 60. Kf7 Rd7+ 61. Ke8 Rd6 62. h7 Re6+ 63. Re7 Rg6 64. h8=Q Kxg5 65. Rg7 1-0

[Event "January 9 Early 2024"]
[Site "https://www.chess.com"]
[Date "2024.01.11"]
[Round "10"]
[White "Nowak, Lukasz"]
[Black "Yonal, Timur"]
[Result "1/2-1/2"]
[Board "183"]
[TimeControl "180+1"]
[WhiteFideId "1166760"]
[BlackFideId "44115725"]
[WhiteElo "2027"]
[BlackElo "2245"]
[WhiteTeam "POL"]
[BlackTeam "TUR"]
[WhiteClock "0:00:01"]
[BlackClock "0:00:16"]

1. c4 e5 2. g3 Nf6 3. Bg2 d5 4. cxd5 Nxd5 5. Nc3 Nb6 6. Nf3 Nc6 7. O-O Be7 8. a3 O-O 9. b4 Be6 10. b5 Nd4 11. Rb1 f6 12. e3 Nxf3+ 13. Bxf3 Rb8 14. d4 exd4 15. exd4 Nd5 16. Nxd5 Bxd5 17. Re1 Re8 18. a4 Qd7 19. Bf4 Bf8 20. Bxd5+ Qxd5 21. Rxe8 Rxe8 22. Bxc7 Rc8 23. Bf4 Rd8 24. Be3 Bc5 25. Qb3 Qxb3 26. Rxb3 Bxd4 27. Rd3 Bb6 28. Rxd8+ Bxd8 29. Bxa7 Ba5 30. Kf1 Kf7 31. Ke2 Ke6 32. Kd3 Kd5 33. Bd4 Bc7 34. b6 Bd6 35. a5 Bb8 36. f4 Bd6 37. f5 Bb8 38. Bg1 Bd6 39. g4 Bb4 40. a6 bxa6 41. b7 Bd6 42. Ba7 a5 43. b8=Q Bxb8 44. Bxb8 a4 45. Ba7 Ke5 46. Be3 a3 47. h3 a2 48. Bd4+ Kf4 49. Bb2 Kg3 50. Ke4 Kxh3 51. Kf3 Kh4 52. Kf4 h5 53. gxh5 Kxh5 54. Bc3 g6 55. fxg6 Kxg6 56. Bb2 a1=Q 57. Bxa1 Kh7 58. Bc3 f5 59. Bf6 Kg6 60. Be5 Kf7 61. Bd6 Ke6 62. Bb4 Kd7 63. Bc3 Kc6 64. Kxf5 1/2-1/2

[Event "January 9 Early 2024"]
[Site "https://www.chess.com"]
[Date "2024.01.11"]
[Round "10"]
[White "Zhu, Jiner"]
[Black "Mesquita, Eduardo Barbosa"]
[Result "1-0"]
[Board "184"]
[TimeControl "180+1"]
[WhiteFideId "8608059"]
[BlackFideId "22757163"]
[WhiteElo "2602"]
[BlackElo "2433"]
[WhiteTeam "CHN"]
[BlackTeam "BRA"]
[WhiteClock "0:00:06"]
[BlackClock "0:00:03"]

1. c4 e6 2. Nc3 d5 3. e3 Nf6 4. b3 a6 5. Bb2 b6 6. Nf3 Bb7 7. d4 Be7 8. Bd3 Nbd7 9. O-O O-O 10. Qc2 h6 11. Rad1 Rc8 12. e4 dxe4 13. Nxe4 Qe8 14. Rfe1 c5 15. dxc5 Nxc5 16. Nxf6+ Bxf6 17. Ne5 Kh8 18. Bf1 b5 19. Bd4 bxc4 20. Bxc4 g6 21. Bxc5 Rxc5 22. Nd7 Qe7 23. Nxc5 Qxc5 24. Qd2 Kg7 25. Qd6 Qg5 26. Qg3 Qa5 27. a4 Bc6 28. h3 Rc8 29. Re2 h5 30. Red2 Qf5 31. Bxa6 Be5 32. Qe3 Bf4 33. Qc3+ Be5 34. Qc4 Bxg2 35. Bxc8 Qxh3 36. f4 Bf6 37. Rxg2 Qe3+ 38. Kf1 h4 39. Re2 Qf3+ 40. Ke1 Bc3+ 41. Rdd2 h3 42. Kd1 Bf6 43. Kc2 Qg3 44. Rh2 Qg4 45. Bb7 Qf5+ 46. Be4 Qg4 47. Qd3 g5 48. a5 gxf4 49. Qf3 Qg5 50. Qxh3 Kf8 51. Qh6+ Ke7 52. Qxg5 Bxg5 53. a6 f3 54. Rdf2 f5 55. Bxf3 Be3 56. Re2 Bf4 57. Rh7+ Kf6 58. a7 e5 59. a8=Q e4 60. Qc6+ Ke5 61. Re7+ Kd4 62. Qc4# 1-0

[Event "January 9 Early 2024"]
[Site "https://www.chess.com"]
[Date "2024.01.11"]
[Round "10"]
[White "Mirzoev, Azer"]
[Black "Krzyzanowski, Marcin"]
[Result "1-0"]
[Board "185"]
[TimeControl "180+1"]
[WhiteFideId "13400304"]
[BlackFideId "1132199"]
[WhiteElo "2659"]
[BlackElo "2766"]
[WhiteTeam "AZE"]
[BlackTeam "POL"]
[WhiteClock "0:00:11"]
[BlackClock "0:00:01"]

1. d4 Nf6 2. Nf3 e6 3. c4 Bb4+ 4. Bd2 Qe7 5. a3 Bxd2+ 6. Qxd2 Nc6 7. Nc3 d5 8. e3 O-O 9. Rc1 Rd8 10. Qc2 a6 11. Be2 h6 12. cxd5 exd5 13. O-O Bg4 14. h3 Be6 15. Rfe1 Re8 16. b4 Nb8 17. Na4 Bd7 18. Nc5 Bc8 19. a4 c6 20. b5 cxb5 21. axb5 a5 22. b6 Rd8 23. Ra1 Nc6 24. Reb1 Ne4 25. Nxe4 Bf5 26. Nfd2 dxe4 27. Rb5 Bg6 28. Qc5 Qe8 29. Nc4 a4 30. Rbb1 Ne7 31. Nd6 Qd7 32. Nb5 Nd5 33. Nc7 Rac8 34. Qxd5 Qxd5 35. Nxd5 Rxd5 36. Rxa4 Rc2 37. Bc4 Rd7 38. Bb3 Rd2 39. Ra7 Kh7 40. Ba4 Rd6 41. Rxb7 Rf6 42. Rf1 Rb2 43. Bd7 Rfxb6 44. Rxb6 Rxb6 45. g4 f6 46. Rc1 h5 47. Bf5 Bxf5 48. gxf5 Kh6 49. h4 Rb2 50. Kg2 Rb5 51. Rc5 Rb8 52. Kg3 Rb1 53. Kg2 Rb8 54. Ra5 Rb6 55. Kg3 Rb1 56. Rc5 Rg1+ 57. Kh2 Rg4 58. Kh3 Rg1 59. Rc8 Kh7 60. Re8 Rg4 61. Re7 Kg8 62. Re8+ Kf7 63. Rh8 1-0

[Event "January 9 Early 2024"]
[Site "https://www.chess.com"]
[Date "2024.01.11"]
[Round "10"]
[White "Kopczynski, Michal"]
[Black "Rosenberg, Evan S"]
[Result "1-0"]
[Board "186"]
[TimeControl "180+1"]
[WhiteFideId "1124200"]
[BlackFideId "2019299"]
[WhiteElo "2535"]
[BlackElo "2399"]
[WhiteTeam "POL"]
[BlackTeam "USA"]
[WhiteClock "0:00:09"]
[BlackClock "0:00:01"]

1. e4 e6 2. d4 d5 3. Nc3 Bb4 4. e5 c5 5. dxc5 Bxc3+ 6. bxc3 Ne7 7. f4 Qa5 8. Nf3 Qxc3+ 9. Bd2 Qxc5 10. Bd3 b6 11. Qe2 a5 12. Be3 Qc7 13. Rb1 Nd7 14. O-O Nc5 15. Bb5+ Bd7 16. Bxd7+ Nxd7 17. Nd4 O-O 18. Nb5 Qc6 19. Nd6 Rab8 20. Rf3 f6 21. Bd4 fxe5 22. fxe5 Rxf3 23. Qxf3 Rf8 24. Qg4 Nf5 25. Nxf5 Rxf5 26. Rf1 Qxc2 27. Rxf5 Qxf5 28. Qe2 Nc5 29. Qb5 Kf7 30. h3 Qd3 31. Qxd3 Nxd3 32. Bxb6 a4 33. Bc7 Kg6 34. g4 h5 35. gxh5+ Kxh5 36. Kg2 Kg5 37. Kf3 Kf5 38. Ke3 Nxe5 39. Kd4 Nd7 40. Kc3 e5 41. Kb4 Ke4 42. Kxa4 Kd3 43. Kb5 e4 44. a4 e3 45. Kc6 e2 46. Bg3 Ne5+ 47. Kxd5 Nf3 48. a5 e1=Q 49. Bxe1 Nxe1 50. a6 Ng2 51. a7 Nf4+ 52. Kc6 Nxh3 53. a8=Q Nf4 54. Qa3+ Ke4 55. Qe7+ Kf5 56. Qf7+ Ke4 57. Qxg7 Nd3 58. Qg4+ Ke3 59. Kd5 Nf2 60. Qg3+ Ke2 61. Kd4 Nd1 62. Qg4+ Kd2 63. Qg2+ Ke1 64. Kd3 Nf2+ 65. Kc3 Nd1+ 66. Kd3 Nf2+ 67. Ke3 Nd1+ 68. Kf3 Nc3 69. Qc2 1-0

[Event "January 9 Early 2024"]
[Site "https://www.chess.com"]
[Date "2024.01.11"]
[Round "10"]
[White "Vincenti, Leonardo"]
[Black "Joie, Sebastien"]
[Result "0-1"]
[Board "187"]
[TimeControl "180+1"]
[WhiteFideId "28550820"]
[BlackFideId "650420"]
[WhiteElo "2226"]
[BlackElo "2457"]
[WhiteTeam "ITA"]
[BlackTeam "FRA"]
[WhiteClock "0:00:08"]
[BlackClock "0:00:10"]

1. e4 c5 2. Nf3 Nc6 3. Bb5 g6 4. Bxc6 dxc6 5. d3 Bg7 6. Nc3 b6 7. a4 a5 8. h3 e5 9. Be3 f6 10. Qd2 Ne7 11. Nh2 O-O 12. f4 exf4 13. Bxf4 f5 14. e5 Nd5 15. Nxd5 Qxd5 16. Nf3 c4 17. O-O Ba6 18. d4 c3 19. bxc3 Rac8 20. Rfe1 c5 21. e6 Rfe8 22. Ne5 Rxe6 23. Rad1 cxd4 24. cxd4 Ree8 25. c3 Qb3 26. Rb1 Qxc3 27. Qxc3 Rxc3 28. Rxb6 Bc8 29. Rb5 Rc4 30. Nxc4 Rxe1+ 31. Kf2 Re4 32. Be5 Bxe5 33. Nxe5 Rxd4 34. Rb8 Rd2+ 35. Ke3 Rd8 36. Nc6 Re8+ 37. Kd4 Bd7 38. Rxe8+ Bxe8 39. Kc5 g5 40. Nxa5 Bxa4 41. Nc4 Bd7 42. Ne5 Bc8 43. Kc6 Kg7 44. Kc7 Be6 45. Kd6 Ba2 46. Kc5 Kf6 47. Kd4 h5 48. Nf3 g4 49. hxg4 hxg4 50. Ng1 Kg5 51. g3 Be6 52. Ke3 Bc4 53. Kd4 Ba6 54. Ke5 Bb5 55. Kd4 f4 56. gxf4+ Kxf4 57. Kc3 Kg3 58. Kd2 Kf2 59. Ne2 Bxe2 60. Kc3 g3 61. Kd2 g2 62. Kc3 g1=Q 63. Kd4 Qd1+ 64. Kc3 Qd3+ 65. Kb4 Qc4+ 66. Ka3 Qb5 67. Ka2 Ke3 68. Ka1 Kd2 69. Ka2 Kc2 0-1

[Event "January 9 Early 2024"]
[Site "https://www.chess.com"]
[Date "2024.01.11"]
[Round "10"]
[White "Kislinsky, Alexey"]
[Black "Reprintsev, Alexander"]
[Result "1/2-1/2"]
[Board "188"]
[TimeControl "180+1"]
[WhiteFideId "14108801"]
[BlackFideId "14100541"]
[WhiteElo "2710"]
[BlackElo "2455"]
[WhiteTeam "CZE"]
[BlackTeam "UKR"]
[WhiteClock "0:00:15"]
[BlackClock "0:00:03"]

1. c4 e5 2. g3 c6 3. Bg2 d5 4. cxd5 cxd5 5. d4 e4 6. Nc3 Nc6 7. Nh3 h6 8. O-O Nf6 9. Nf4 Be7 10. e3 O-O 11. f3 exf3 12. Bxf3 Be6 13. Nxe6 fxe6 14. Bd2 a6 15. Rc1 Rc8 16. Na4 b5 17. Nc5 Bxc5 18. Rxc5 Nd7 19. Rc1 Qb6 20. Bg4 Rce8 21. Rxf8+ Nxf8 22. Qf3 Qb7 23. Bh5 Rc8 24. Rf1 Qe7 25. a3 g6 26. Bg4 h5 27. Bh3 Kg7 28. Bc3 Nd7 29. e4 Rf8 30. Qe2 Rxf1+ 31. Bxf1 Qf6 32. Bg2 Nxd4 33. Qe3 e5 34. exd5 Nc5 35. Qf2 Qxf2+ 36. Kxf2 Kf6 37. Ke3 Nf5+ 38. Kd2 Nd4 39. b4 Ncb3+ 40. Kd3 Ke7 41. Be4 g5 42. Bg6 h4 43. gxh4 gxh4 44. Be1 Nf3 45. Bf2 Nxh2 46. Bxh4+ Kd6 47. Be4 Ng4 48. Bf3 Nh6 49. Bg5 Nf5 50. Ke4 Nbd4 51. Bg2 Ng3+ 52. Kd3 Ngf5 53. Ke4 Ng3+ 54. Ke3 Ngf5+ 55. Kd3 Ne7 56. Bh6 Nxd5 57. Bf8+ Ke6 58. Bh3+ Kf7 59. Bc5 Nf4+ 60. Ke4 Nxh3 61. Bxd4 exd4 62. Kxd4 Ke6 63. Kc5 Nf4 64. Kb6 Kd5 65. Kxa6 Kc4 66. Ka5 Nd3 67. a4 Nxb4 68. axb5 Nd5 69. b6 Nxb6 1/2-1/2

[Event "January 9 Early 2024"]
[Site "https://www.chess.com"]
[Date "2024.01.11"]
[Round "10"]
[White "Kruckenhauser, Arthur"]
[Black "Llari, Marc"]
[Result "1/2-1/2"]
[Board "189"]
[TimeControl "180+1"]
[WhiteFideId "1642812"]
[BlackFideId "651044269"]
[WhiteElo "2527"]
[BlackElo "2334"]
[WhiteTeam "AUT"]
[BlackTeam "FRA"]
[WhiteClock "0:00:21"]
[BlackClock "0:00:10"]

1. e4 e6 2. d4 d5 3. Nd2 c5 4. exd5 exd5 5. Bb5+ Nc6 6. Qe2+ Qe7 7. dxc5 Qxe2+ 8. Nxe2 Bxc5 9. Nb3 Bb6 10. O-O Ne7 11. c3 O-O 12. Bg5 a6 13. Bd3 Bf5 14. Rad1 Bxd3 15. Rxd3 h6 16. Bh4 Rad8 17. Rfd1 Rd7 18. Ned4 Nxd4 19. Nxd4 g5 20. Bg3 Rfd8 21. Kf1 f6 22. f3 Kf7 23. Bf2 Bxd4 24. Bxd4 Rc8 25. Re1 Nf5 26. Bf2 Rc4 27. g4 Ne7 28. Bd4 Nc6 29. b3 Rxd4 30. cxd4 Nb4 31. Rd2 Rc7 32. a3 Nc6 33. b4 Na7 34. Re3 Nb5 35. a4 Nd6 36. Ke2 Nc4 37. Rc2 Rd7 38. Rec3 b6 39. Kd3 Re7 40. Rxc4 dxc4+ 41. Rxc4 Re1 42. Rc6 Ra1 43. a5 Ra3+ 44. Ke4 bxa5 45. Rxa6 axb4 46. Rb6 b3 47. Rb7+ Ke6 48. Rb6+ Ke7 49. d5 Ra4+ 50. Kf5 Rf4+ 51. Kg6 Rxf3 52. d6+ Kd7 53. Kxh6 Rh3+ 54. Kg6 Rxh2 55. Rxb3 Kxd6 56. Kxf6 Rf2+ 57. Kxg5 Ke7 58. Rb5 Kf8 59. Rf5+ Rxf5+ 60. Kxf5 Kf7 61. Kf4 Kf6 62. Ke4 Kg5 63. Kf3 Kg6 64. Kf4 Kf6 65. Ke4 Kg5 66. Kf3 Kg6 67. Kg3 Kg5 68. Kh3 Kg6 69. Kh4 Kh6 70. g5+ Kg6 71. Kg4 Kg7 72. Kf5 Kf7 73. g6+ Kg7 74. Kg5 Kg8 75. Kf5 Kg7 76. Kg5 Kg8 77. Kf6 Kf8 78. Kf5 Kg7 1/2-1/2

[Event "January 9 Early 2024"]
[Site "https://www.chess.com"]
[Date "2024.01.11"]
[Round "10"]
[White "Perez Gormaz, Matias"]
[Black "Tiarks, Jann-Christian"]
[Result "0-1"]
[Board "190"]
[TimeControl "180+1"]
[WhiteFideId "3406342"]
[BlackFideId "12951595"]
[WhiteElo "2634"]
[BlackElo "2461"]
[WhiteTeam "CHI"]
[BlackTeam "GER"]
[WhiteClock "0:00:07"]
[BlackClock "0:00:25"]

1. d4 d5 2. c4 e6 3. Nf3 c6 4. e3 f5 5. b3 Nf6 6. Be2 Bb4+ 7. Bd2 Bd6 8. O-O O-O 9. Bc1 Qe7 10. a4 Bd7 11. Ba3 Bxa3 12. Nxa3 Be8 13. Ne5 Nbd7 14. Nd3 Bf7 15. Nc2 dxc4 16. bxc4 e5 17. dxe5 Nxe5 18. Nxe5 Qxe5 19. Qd4 Qc7 20. Rab1 c5 21. Qb2 b6 22. Na3 Rad8 23. Bf3 Ne4 24. Rfd1 Rxd1+ 25. Rxd1 Rd8 26. Rxd8+ Qxd8 27. Be2 Qd2 28. Qxd2 Nxd2 29. f3 Kf8 30. Kf2 Ke7 31. Ke1 Nb3 32. Nb5 Na5 33. Nxa7 Kd7 34. Nb5 Bxc4 35. Nc3 Bxe2 36. Kxe2 Nc4 37. Kd3 Nd6 38. h4 Kc6 39. h5 b5 40. axb5+ Nxb5 41. Ne2 Kd5 42. Nf4+ Kd6 43. Kc4 Na3+ 44. Kb3 Nb5 45. Kc4 Na3+ 46. Kd3 Nb5 47. Nh3 Kd5 48. Nf4+ Kc6 49. Ne6 g6 50. h6 Nd6 51. Nf8 Nf7 52. Nxh7 Nxh6 53. Nf8 g5 54. Ne6 g4 55. Ng7 Kd5 56. f4 c4+ 57. Ke2 c3 58. Nh5 Kc4 59. Nf6 Kb3 60. Nd7 c2 61. Nc5+ Kb2 62. Nd3+ Kb1 63. Kd2 Nf7 64. Nc1 Nd6 65. Ne2 Nc4+ 66. Kd3 Nd6 67. Kd4 c1=Q 68. Nxc1 Kxc1 69. Ke5 Kd2 70. Kxd6 Kxe3 71. Ke5 g3 72. Kxf5 Kf2 73. Kg4 Kxg2 74. f5 Kh2 75. f6 g2 76. f7 g1=Q+ 77. Kf5 Qg7 78. Ke6 Qf8 79. Kf6 Kg3 80. Kg6 Kf4 0-1

[Event "January 9 Early 2024"]
[Site "https://www.chess.com"]
[Date "2024.01.11"]
[Round "10"]
[White "Batsiashvili, Nino"]
[Black "Marchesich, Giovanni"]
[Result "1/2-1/2"]
[Board "191"]
[TimeControl "180+1"]
[WhiteFideId "13602993"]
[BlackFideId "2824790"]
[WhiteElo "2505"]
[BlackElo "2391"]
[WhiteTeam "GEO"]
[BlackTeam "ITA"]
[WhiteClock "0:00:14"]
[BlackClock "0:00:03"]

1. e4 e5 2. Nf3 Nc6 3. Bb5 a6 4. Ba4 Bc5 5. c3 Nge7 6. O-O Ba7 7. d4 Ng6 8. Be3 O-O 9. Nbd2 d5 10. exd5 exd4 11. cxd4 Qxd5 12. Bb3 Qh5 13. Ne4 Bg4 14. Ng3 Bxf3 15. Nxh5 Bxd1 16. Rfxd1 Rad8 17. d5 Bxe3 18. dxc6 Bb6 19. cxb7 Ne5 20. Nf4 Rb8 21. Bd5 c6 22. Bb3 Rxb7 23. Rd2 Re8 24. Rad1 Rbe7 25. h3 g6 26. Rd6 Bc5 27. R6d2 Kg7 28. Rc2 Bb6 29. Ba4 g5 30. Nh5+ Kg6 31. Ng3 Re6 32. Rdc1 Nd3 33. Rf1 f5 34. Rxc6 Rxc6 35. Bxc6 Re6 36. Bd7 Re5 37. b3 f4 38. Nh1 Re2 39. a4 Kf6 40. Bc8 a5 41. Ba6 Rd2 42. Bxd3 Rxd3 43. Rb1 Bc5 44. Kf1 Ke5 45. g3 Rd2 46. gxf4+ gxf4 47. Kg2 h5 48. Kf3 Rd3+ 49. Kg2 h4 50. Re1+ Kd5 51. Re8 Rxb3 52. Rh8 f3+ 53. Kg1 Rb1+ 54. Kh2 Rb2 55. Rxh4 Bxf2 56. Nxf2 Rxf2+ 57. Kg3 Rf1 58. Rf4 Ke5 59. Rxf3 Rg1+ 60. Kh4 Ra1 61. Kg5 Rxa4 62. h4 Ra1 63. Re3+ Kd4 64. Re8 Rg1+ 65. Kf6 Kc3 66. h5 a4 67. h6 Rh1 68. Kg6 a3 69. Ra8 Kb2 70. h7 Rxh7 71. Kxh7 a2 72. Rxa2+ Kxa2 1/2-1/2

[Event "January 9 Early 2024"]
[Site "https://www.chess.com"]
[Date "2024.01.11"]
[Round "10"]
[White "Matinian, Nikita"]
[Black "Madaminov, Mukhiddin"]
[Result "0-1"]
[Board "192"]
[TimeControl "180+1"]
[WhiteFideId "24129100"]
[BlackFideId "14210703"]
[WhiteElo "2721"]
[BlackElo "2860"]
[WhiteTeam "FID"]
[BlackTeam "UZB"]
[WhiteClock "0:00:01"]
[BlackClock "0:00:04"]

1. e4 e5 2. Nf3 Nf6 3. Nxe5 d6 4. Nf3 Nxe4 5. Qe2 Qe7 6. d3 Nf6 7. Bg5 Nbd7 8. Nc3 h6 9. Bd2 Qxe2+ 10. Bxe2 a6 11. O-O-O g6 12. Rde1 Bg7 13. Bd1+ Kd8 14. h3 b5 15. g4 Bb7 16. Rhg1 Nd5 17. Ne4 N5f6 18. Ng3 Bd5 19. g5 hxg5 20. Nxg5 Nh7 21. N3e4 Nxg5 22. Nxg5 Nc5 23. f4 Kd7 24. f5 gxf5 25. Nxf7 Bxb2+ 26. Kxb2 Bxf7 27. Rg7 Raf8 28. Rf1 Ne6 29. Rg3 Bh5 30. Bxh5 Rxh5 31. Re1 f4 32. Rg6 Re5 33. Rxe5 dxe5 34. Be1 Rh8 35. h4 Nd4 36. Bf2 Nf3 37. Rxa6 Nxh4 38. Ra5 Nf3 39. Rxb5 Rh2 40. Ba7 Kc6 41. a4 Ne1 42. Kb3 Re2 43. c4 Nxd3 44. a5 f3 45. a6 f2 46. Bxf2 Rxf2 47. a7 Nc1+ 48. Kc3 Ra2 49. Rxe5 Rxa7 50. Re6+ Kd7 51. Re1 Na2+ 52. Kb3 Kc6 53. Re6+ Kc5 54. Re5+ Kd4 55. Rd5+ Ke4 56. Rd7 Nb4 57. Re7+ Kd4 58. Rd7+ Kc5 59. Rh7 Rb7 60. Rh5+ Nd5+ 61. Ka4 Kxc4 62. Rh4+ Kc5 63. Rc4+ Kxc4 0-1

[Event "January 9 Early 2024"]
[Site "https://www.chess.com"]
[Date "2024.01.11"]
[Round "10"]
[White "Rustemov, Alexander"]
[Black "Caspi, Israel"]
[Result "1-0"]
[Board "193"]
[TimeControl "180+1"]
[WhiteFideId "4119002"]
[BlackFideId "2807394"]
[WhiteElo "2824"]
[BlackElo "2641"]
[WhiteTeam "RUS"]
[BlackTeam "ISR"]
[WhiteClock "0:00:27"]
[BlackClock "0:00:04"]

1. d4 Nf6 2. c4 e6 3. Nf3 d5 4. cxd5 exd5 5. Nc3 c6 6. Bf4 Bf5 7. e3 Bd6 8. Bxd6 Qxd6 9. Nh4 Bg4 10. Qc2 O-O 11. Bd3 g6 12. h3 Be6 13. O-O Nbd7 14. Nf3 b5 15. Rfc1 Rfc8 16. Qd1 a5 17. b3 Nb6 18. a4 bxa4 19. Nxa4 Nxa4 20. Rxa4 Nd7 21. Rca1 Qc7 22. Qd2 c5 23. Rxa5 Rxa5 24. Qxa5 Qxa5 25. Rxa5 c4 26. Bc2 cxb3 27. Bxb3 Rc1+ 28. Kh2 Nf6 29. Ra2 Ne4 30. g3 Kg7 31. Kg2 h6 32. Ne5 Kf6 33. h4 g5 34. hxg5+ hxg5 35. Bc2 Nc3 36. Rb2 g4 37. Bd3 Kg5 38. Rc2 Rxc2 39. Bxc2 f6 40. Nc6 Bf5 41. Bb3 Be4+ 42. Kf1 Bf3 43. Nb4 Kf5 44. Ke1 Ke6 45. Bc2 Kd6 46. Kd2 Ne2 47. Na2 Ng1 48. Nc3 Nh3 49. Ke1 Ng5 50. Bd3 Ke6 51. Ba6 f5 52. Bc8+ Kf6 53. Bb7 Ke6 54. Kd2 Nh3 55. Bc8+ Kf6 56. Ke1 Ng5 57. Ba6 Ke6 58. Bd3 Kf6 59. Bc2 Ke6 60. Bb3 Kd6 61. Na4 Ne4 62. Bc2 Ng5 63. Nc5 Be4 64. Bd1 Bb1 65. Be2 Ne4 66. Nxe4+ dxe4 67. Kd2 Ba2 68. Kc3 Kd5 69. Ba6 Kd6 70. Bc8 Be6 71. Bxe6 Kxe6 72. Kc4 Kd6 73. d5 Kd7 74. Kc5 Kc7 75. d6+ Kd7 76. Kd5 1-0